 Dungeon Crawl Stone Soup version 0.29.1-2-gbd0b4ee654 (webtiles) character file.

Game seed: 9804406532264399469

55 Firos the Poker (level 3, 0/33 HPs)
             Began as a Hill Orc Monk on Nov 7, 2022.
             Succumbed to a goblin's poison
             ... on level 2 of the Dungeon.
             The game lasted 00:03:44 (1948 turns).

Firos the Poker (Hill Orc Monk)                     Turns: 1948, Time: 00:03:45

Health: 0/33       AC:  6    Str: 15    XL:     3   Next: 93%
Magic:  3/3        EV: 10    Int: 10    God:
Gold:   93         SH:  0    Dex: 13    Spells: 2/2 levels left

rFire   . . .      SeeInvis .   k - +0 trident
rCold   . . .      Faith    .   (no shield)
rNeg    . . .      Spirit   .   i - +0 scale mail
rPois   +          Reflect  .   (no helmet)
rElec   .          Harm     .   (no cloak)
rCorr   .          Rampage  .   (no gloves)
Will    .....                   (no boots)
Stlth   +.........              (no amulet)
HPRegen 0.11/turn               h - ring of poison resistance
MPRegen 0.08/turn               (no ring)

@: lethally poisoned (0 -> -6)
A: no striking features
a: no special abilities


You were on level 2 of the Dungeon.
You visited 1 branch of the dungeon, and saw 2 of its levels.

You collected 93 gold pieces.

Inventory:

Hand Weapons
 k - a +0 trident (weapon)
Missiles
 g - 7 poisoned darts (quivered)
Armour
 e - a +0 tower shield
 i - a +0 scale mail (worn)
Magical Staves
 j - a staff of cold
Jewellery
 h - a ring of poison resistance (left hand)
Scrolls
 b - a scroll of butterflies
 d - a scroll of identify


   Skills:
 + Level 4.1 Fighting
 * Level 4.2 Polearms
 + Level 1.4 Armour
 - Level 2.4 Dodging
 + Level 2.1 Stealth


You had 2 spell levels left.
You didn't know any spells.
Your spell library contained the following spells:

 Spells                   Type           Power      Damage    Failure   Level
 Ensorcelled Hibernation  Hex/Ice        0%         N/A       92%         2
 Static Discharge         Conj/Air       0%         3-3/arc   92%         2
 Spider Form              Tmut/Pois      0%         N/A       99%         3
 Anguish                  Hex/Necr       0%         N/A       100%        4
 Lightning Bolt           Conj/Air       0%         1d11      100%        5
 Maxwell's Capacitive Co  Air            0%         ∞         100%        8


Dungeon Overview and Level Annotations

Branches:
Dungeon (2/15)

Altars:

Annotations:
D:2 Robin


Message History

* * * LOW HITPOINT WARNING * * *
The goblin hits you but does no damage.
* * * LOW HITPOINT WARNING * * *
You feel sick. The goblin misses you.
You are confused.
You feel invigorated.
You feel sick. The goblin closely misses you. x2
Robin roars a battlecry!
The goblin hits you with a +0 club.
* * * LOW HITPOINT WARNING * * *
The goblin attacks as you move away! The goblin hits you but does no damage.
You feel sick.
You closely miss the goblin.
You feel sick.
The goblin hits you with a +0 dagger of venom.
* * * LOW HITPOINT WARNING * * *
You are lethally poisoned!
* * * LOW HITPOINT WARNING * * *
You feel very sick.
The goblin shouts!
You hear a shout!
The goblin no longer looks unusually strong.
The hobgoblin no longer looks unusually strong.
The goblin barely misses you. The goblin attacks as you move away!
The goblin hits you with a +0 dagger of venom.
* * * LOW HITPOINT WARNING * * *
Found a faded altar of an unknown god.
You feel less invigorated.
You feel less confused.
* * * LOW HITPOINT WARNING * * *
You feel very sick.
The goblin no longer looks unusually strong.
* * * LOW HITPOINT WARNING * * *
You feel sick.
Robin roars a battlecry!
The goblins go into a battle-frenzy!
Okay, then.
You aren't carrying any potions.
Unknown command.
As you read the scroll labelled ZUONUUGGARU, it crumbles to dust.
You hear a loud clanging noise!
It was a scroll of noise.
You die...

# #.#.# #.#.##### #.
#.#.######.#.# #
.###.###.#........#.#
.....g...)..######..#
#.....gg..#.# #.†#
###.###g###... #..#
#.........#.#.# #..#
## #.#.#.#.#g#.#.#
#..# #. .......@.#..
. #..####.
##.###.###.# #.
...#.... ... _... #..
###.##.##< ### ###.#
#.... ... #.##. #.#
#.##. .. #.##. #.
#.##. .#######.###


You could see Robin, a hobgoblin (strong) and 2 goblins.

Vanquished Creatures
  An adder (D:2)
  A dart slug (D:1)
  4 ball pythons
  An endoplasm (D:1)
  A giant cockroach (D:2)
  7 goblins
  7 hobgoblins
  4 kobolds
  3 quokkas
  2 bats (D:1)
  A frilled lizard (D:1)
  8 rats
40 creatures vanquished.

Vanquished Creatures (others)
  8 fungi (D:2)
  5 plants (D:2)
13 creatures vanquished.

Grand Total: 53 creatures vanquished

Notes
Turn   | Place    | Note
-------+----------+-------------------------------------------
     0 | D:1      | Firos the Hill Orc Monk began the quest for the Orb.
     0 | D:1      | Reached XP level 1. HP: 19/19 MP: 1/1
   322 | D:1      | Reached XP level 2. HP: 18/27 MP: 2/2
  1073 | D:2      | Reached skill level 1 in Armour
  1073 | D:2      | Reached XP level 3. HP: 33/33 MP: 3/3
  1074 | D:2      | Noticed Robin
  1942 | D:2      | HP: 1/33 [goblin/+0 club[Robin] (5)]
  1946 | D:2      | Found a faded altar of an unknown god.
  1947 | D:2      | HP: 1/33 [poisoned by a goblin]
  1948 | D:2      | Succumbed to a goblin's poison

Illustrated notes

Levels and vault maps discovered:
D:1:      lightli_arrival_noodles, layout_loops_cross
D:2:      layout_loops_ring, shapermc_ecumenical_altar_mp_urbaneastern,
          kennysheep_generic_room_14, uniq_robin

Skill      XL: |  1  2  3 |
---------------+----------+-----
Fighting       | 4 |  4.1
Armour         | 1 |  1.4
Stealth        | 2 |  2.1
Polearms       | 4 |  4.2
Dodging        | |  2.4

Action                   || total
-------------------------++-------
Melee: Spear             ||   139
       Punch             ||     3
       Trident           ||    10
  Use: Scroll            ||     2
       Potion            ||     1
 Stab: Sleeping          ||     2
Armor: Robe              ||     2
       Ring mail         ||    40
       Scale mail        ||    17
Dodge: Dodged            ||    63
